 Dungeon Sprint DCSS version 0.30-a0-830-gfe289a77b0 (webtiles) character file.

Game seed: 4078649794371214029

17 retardedninja the Shield-Bearer (level 2, -4/29 HPs)
             Began as a Gnoll Fighter on Feb 28, 2023.
             Slain by an iguana (10 damage)
             ... in the Dungeon (Sprint IX: "|||||||||||||||||||||||||||||").
             The game lasted 00:00:18 (194 turns).

retardedninja the Shield-Bearer (Gnoll Fighter)      Turns: 194, Time: 00:00:19

Health: -4/29      AC:  7    Str: 15    XL:     2   Next: 62%
Magic:  4/4        EV:  9    Int:  7    God:
Gold:   0          SH:  5    Dex: 11    Spells: 4/4 levels left

rFire   . . .      SeeInvis .    a - +0 flail
rCold   . . .      Faith    .    c - +0 buckler
rNeg    . . .      Spirit   .    b - +0 scale mail
rPois   .          Reflect  .    (no helmet)
rElec   .          Harm     .    (no cloak)
rCorr   .          Rampage  .    (no gloves)
Will    .....      NoTele   +    (no boots) Stlth
                                 (no amulet)
HPRegen 0.24/turn                (no ring)
MPRegen 0.09/turn                (no ring)

@: mighty
A: fangs 1, strong nose, distributed training
a: no special abilities


You were in the Dungeon.
You visited 1 branch

Inventory:

Hand Weapons
 a - a +0 flail (weapon)
Armour
 b - a +0 scale mail (worn)
 c - a +0 buckler (worn)
Scrolls
 j - a scroll of blinking
Potions
 e - a potion of curing
 g - a potion of haste
 h - 2 potions of magic
 i - a potion of berserk rage


   Skills:
 + Level 6.7 Fighting
 + Level 1.5 Short Blades
 + Level 1.5 Long Blades
 + Level 1.5 Axes
 + Level 4.8 Maces & Flails
 + Level 1.5 Polearms
 + Level 1.5 Staves
 + Level 1.5 Ranged Weapons
 + Level 1.5 Throwing
 + Level 6.7 Armour
 + Level 1.5 Dodging
 + Level 1.5 Stealth
 + Level 6.7 Shields
 + Level 1.5 Unarmed Combat
 + Level 1.5 Spellcasting
 + Level 1.2 Conjurations
 + Level 1.2 Hexes
 + Level 1.2 Summonings
 + Level 1.2 Necromancy
 + Level 1.2 Translocations
 + Level 1.2 Transmutations
 + Level 1.2 Fire Magic
 + Level 1.2 Ice Magic
 + Level 1.2 Air Magic
 + Level 1.2 Earth Magic
 + Level 1.2 Poison Magic
 + Level 1.7 Invocations
 + Level 1.5 Evocations


You had 4 spell levels left.
You didn't know any spells.
Your spell library was empty.

Dungeon Overview and Level Annotations

Branches:
Dungeon (1/1)

Altars:


Innate Abilities, Weirdness & Mutations

You have very sharp teeth.
Your uncanny sense of smell can sniff out nearby items.
Your experience applies equally to all skills.


Message History

Your Fire Magic skill increases to level 1!
Your Ice Magic skill increases to level 1!
Your Air Magic skill increases to level 1!
Your Earth Magic skill increases to level 1!
Your Poison Magic skill increases to level 1!
You sock the iguana!
The iguana is heavily wounded.
You feel sick.
The iguana bites you but does no damage.
You closely miss the iguana.
The iguana is heavily wounded.
You feel sick. The iguana bites you.
You hit the iguana but do no damage.
The iguana is heavily wounded.
You feel sick. You block the iguana's attack. The iguana bites you.
You barely miss the iguana.
The iguana is heavily wounded.
You feel sick.
You are no longer poisoned.
The iguana bites you but does no damage.
You hit the iguana but do no damage. Your bite misses the iguana.
The iguana is heavily wounded.
The iguana closely misses you.
You hit the iguana.
The iguana is severely wounded.
The iguana bites you.
* * * LOW HITPOINT WARNING * * *
You feel much better.
The iguana bites you but does no damage.
You feel very mighty all of a sudden. The iguana bites you!
You completely miss the iguana.
The iguana is heavily wounded.
The iguana bites you!
You closely miss the iguana. Your bite misses the iguana.
The iguana is heavily wounded.
The iguana bites you.
* * * LOW HITPOINT WARNING * * *
The iguana bites you!
You die...

▓▓▓▓▓▓▓▓▓▓▓▓▓▓▓▓▓▓
+..{Shl@...)†...<▓
▓▓▓▓▓▓▓▓▓▓▓▓▓▓▓▓▓▓
∆∆∆∆∆∆∆∆∆


You could see an iguana, a hound and an adder.

Vanquished Creatures
  An adder (D)
  A dart slug (D)
  A bat (D)
  An endoplasm (D)
  A goblin (D)
  A hobgoblin (D)
6 creatures vanquished.

Notes
Turn   | Place    | Note
-------+----------+-------------------------------------------
     0 | D        | retardedninja the Gnoll Fighter began the quest for the
                  | Orb.
     0 | D        | Reached XP level 1. HP: 23/23 MP: 1/1
    13 | D        | Reached skill level 1 in Short Blades
    13 | D        | Reached skill level 1 in Long Blades
    13 | D        | Reached skill level 1 in Axes
    13 | D        | Reached skill level 1 in Polearms
    13 | D        | Reached skill level 1 in Staves
    13 | D        | Reached skill level 1 in Ranged Weapons
    13 | D        | Reached skill level 1 in Throwing
    13 | D        | Reached skill level 1 in Dodging
    13 | D        | Reached skill level 1 in Stealth
    13 | D        | Reached skill level 1 in Unarmed Combat
    13 | D        | Reached skill level 1 in Spellcasting
    13 | D        | Reached skill level 1 in Invocations
    13 | D        | Reached skill level 1 in Evocations
    14 | D        | Reached XP level 2. HP: 28/29 MP: 1/3
   185 | D        | Reached skill level 1 in Conjurations
   185 | D        | Reached skill level 1 in Hexes
   185 | D        | Reached skill level 1 in Summonings
   185 | D        | Reached skill level 1 in Necromancy
   185 | D        | Reached skill level 1 in Translocations
   185 | D        | Reached skill level 1 in Transmutations
   185 | D        | Reached skill level 1 in Fire Magic
   185 | D        | Reached skill level 1 in Ice Magic
   185 | D        | Reached skill level 1 in Air Magic
   185 | D        | Reached skill level 1 in Earth Magic
   185 | D        | Reached skill level 1 in Poison Magic
   194 | D        | Slain by an iguana

Illustrated notes

Levels and vault maps discovered:
D:        linesprint [early_d, line_temple, items_1, d_10, items_2, lair_1,
          lair_end, items_3, orc_1, orc_end, items_4, d_15, swamp_1, shoals_1,
          snake_1, spider_1, d_20, vaults_1, items_5, swamp_end, shoals_end,
          snake_end, spider_end, vaults_end, d_27, items_6, zot_1, zot_end,
          crypt_end, forest_end, elf_end, slime_end, tomb_end, abyss_end,
          pan_hell_end]

Skill      XL: |  1  2 |
---------------+-------+-----
Short Blades   | 1 |  1.5
Long Blades    | 1 |  1.5
Axes           | 1 |  1.5
Polearms       | 1 |  1.5
Staves         | 1 |  1.5
Ranged Weapons | 1 |  1.5
Throwing       | 1 |  1.5
Dodging        | 1 |  1.5
Stealth        | 1 |  1.5
Unarmed Combat | 1 |  1.5
Spellcasting   | 1 |  1.5
Invocations    | 1 |  1.7
Evocations     | 1 |  1.5
Conjurations   | 1 |  1.2
Hexes          | 1 |  1.2
Summonings     | 1 |  1.2
Necromancy     | 1 |  1.2
Translocations | 1 |  1.2
Transmutations | 1 |  1.2
Fire Magic     | 1 |  1.2
Ice Magic      | 1 |  1.2
Air Magic      | 1 |  1.2
Earth Magic    | 1 |  1.2
Poison Magic   | 1 |  1.2
Fighting       | |  6.7
Maces & Flails | |  4.8
Armour         | |  6.7
Shields        | |  6.7

Action                     || total
---------------------------++-------
  Melee: Flail             ||    33
         Bite              ||     2
    Use: Potion            ||     2
 Armour: Scale mail        ||    17
  Dodge: Dodged            ||    10
  Block: Buckler           ||     9

Table legend: (Time is in decaauts)
 A = Elapsed time spent in this place.
 B = Non-inter-level travel time spent in this place.
 C = Inter-level travel time spent in this place.
 D = Time resting spent in this place.
 E = Time spent auto-exploring this place.
 F = Levels seen in this place.
 G = Mean time per level.
                   A        B        C        D        E       F      G
               +--------+--------+--------+--------+--------+-----+--------+
         Total |    199 |    199 |      0 |    144 |      0 |   1 |  199.0 |
       Dungeon |    199 |    199 |      0 |    144 |      0 |   1 |  199.0 |
               +--------+--------+--------+--------+--------+-----+--------+

Top non-repeatable levels by time:
       D: 199 daAuts
